 Dungeon Crawl Stone Soup version 0.28-a0-105-g49a0850c41 (webtiles) character file.

Game seed: 10806359079635679364

7 Rennog the Skirmisher (level 1, -1/20 HPs)
             Began as a Demonspawn Wanderer on Aug 11, 2021.
             Slain by a hobgoblin (5 damage)
             ... on level 1 of the Dungeon on Aug 12, 2021.
             The game lasted 00:00:59 (600 turns).

Rennog the Skirmisher (Demonspawn Wanderer)          Turns: 600, Time: 00:01:00

Health: -1/20      AC:  2    Str: 11    XL:     1   Next: 91%
Magic:  1/1        EV:  9    Int: 12    God:
Gold:   49         SH:  7    Dex: 14    Spells: 0/0 levels left

rFire   . . .      SeeInvis .   a - +2 mace
rCold   . . .      Faith    .   d - +0 kite shield
rNeg    . . .      Spirit   .   c - +0 robe
rPois   .          Reflect  .   (no helmet)
rElec   .          Harm     .   (no cloak)
rCorr   .          Rampage  .   (no gloves)
Will    .....                   (no boots)
Stlth   ++........              (no amulet)
HPRegen 0.06/turn               (no ring)
MPRegen 0.07/turn               (no ring)

@: no status effects
A: no striking features
a: no special abilities


You were on level 1 of the Dungeon.
You visited 1 branch of the dungeon, and saw 1 of its levels.

You collected 49 gold pieces.

Inventory:

Hand Weapons
 a - a +2 mace (weapon)
Armour
 c - a +0 robe (worn)
 d - a +0 kite shield (worn)
Scrolls
 b - 2 scrolls of teleportation
 e - a scroll of identify {unknown}


   Skills:
 + Level 4.4 Fighting
 - Level 1.7 Maces & Flails
 - Level 1.0 Throwing
 - Level 1.0 Dodging
 - Level 1.0 Stealth
 - Level 1.0 Shields


You couldn't memorise any spells.
You didn't know any spells.
Your spell library was empty.

Dungeon Overview and Level Annotations

Branches:
Dungeon (1/15)

Altars:


Message History

Found 3 boomerangs.
You see here 3 boomerangs.
A hobgoblin comes into view.
Found a war axe.
A hobgoblin is nearby!
A hobgoblin is nearby!
The hobgoblin shouts!
The hobgoblin hits you.
You hit the hobgoblin.
The hobgoblin is lightly wounded.
The hobgoblin hits you.
You completely miss the hobgoblin.
The hobgoblin is lightly wounded.
The hobgoblin misses you. The hobgoblin hits you.
You are too injured to fight recklessly!
You are too injured to fight recklessly!
You are too injured to fight recklessly!
You are too injured to fight recklessly!
You are too injured to fight recklessly!
You are too injured to fight recklessly!
You are too injured to fight recklessly!
You are too injured to fight recklessly!
You are too injured to fight recklessly!
You are too injured to fight recklessly!
You are too injured to fight recklessly!
A hobgoblin is nearby!
A hobgoblin is nearby!
A hobgoblin is nearby!
You closely miss the hobgoblin.
The hobgoblin is lightly wounded.
The hobgoblin barely misses you. The hobgoblin hits you.
* * * LOW HITPOINT WARNING * * *
You hit the hobgoblin.
The hobgoblin is moderately wounded.
The hobgoblin hits you.
* * * LOW HITPOINT WARNING * * *
You hit the hobgoblin.
The hobgoblin is severely wounded.
The hobgoblin hits you.
You die...

#.# #.#.#.#.......# #.#
#.#.#.#.......# #.#
#.#.#.#.......#
#.#####.#.#.#........
#...................#
.###########...........#
..............>.....####
##.....####.....รท..#...
#....@# ###......#.##
#....g# #........#
#.....# #.....#####
#.....# #.........#
#.....# #.#######.#
#)....# #.# #.# #######
#.# #.# #.# #.# #.# #.#


You could see a hobgoblin.

Vanquished Creatures
  An endoplasm (D:1)
  3 quokkas (D:1)
  A frilled lizard (D:1)
  2 rats (D:1)
7 creatures vanquished.

Notes
Turn   | Place    | Note
-------+----------+-------------------------------------------
     0 | D:1      | Rennog the Demonspawn Wanderer began the quest for the Orb.
     0 | D:1      | Rennog set off with the following items: a +2 mace, 2
                  | scrolls of teleportation, a +0 robe
     0 | D:1      | Reached XP level 1. HP: 19/19 MP: 1/1
   600 | D:1      | Slain by a hobgoblin

Illustrated notes

Levels and vault maps discovered:
D:1:      heliophobic_arrival_enchanted_forest, layout_basic, chequers_arboretum

Action                   || total
-------------------------++-------
Melee: Mace              ||    18
 Stab: Sleeping          ||     1
Dodge: Dodged            ||     5
Block: Kite shield       ||     2

Table legend: (Time is in decaauts)
 A = Elapsed time spent in this place.
 B = Non-inter-level travel time spent in this place.
 C = Inter-level travel time spent in this place.
 D = Time resting spent in this place.
 E = Time spent auto-exploring this place.
 F = Levels seen in this place.
 G = Mean time per level.
                   A        B        C        D        E       F      G
               +--------+--------+--------+--------+--------+-----+--------+
         Total |    608 |    595 |     13 |      0 |    538 |   1 |  608.0 |
       Dungeon |    608 |    595 |     13 |      0 |    538 |   1 |  608.0 |
               +--------+--------+--------+--------+--------+-----+--------+

Top non-repeatable levels by time:
     D:1: 608 daAuts
